Cogmind - Beta 13 @@@ ROGUE MODE // 2024.04.16 @ 23:32:51 Player: Skysub Result: Destroyed by GZ-HKB(R) with Subdweller Machine Gun Performance ------------- Evolutions (0) 0 Regions Visited (3) 600 Robots Destroyed (24) 120 Value Destroyed (623) 623 Prototype IDs (0) 0 Alien Tech Used (0) 0 Bonus (0) 0 TOTAL SCORE: 1343 Bonus ------- None Cogmind --------- Core Integrity 0/250 Matter 300/300 Energy 182/200 System Corruption 0% Temperature Cool (9) Movement Rolling (120) Ox1 Location -10/Subcaves Parts ------- > --- POWER (1) -------- Subdweller Power Source > --- PROPULSION (2) --- Makeshift Leg Subdweller Monowheel > --- UTILITY (2) ------ Large Storage Unit Signal Interpreter > --- WEAPON (2) ------- Subdweller Laser > --- INVENTORY (15) --- Improved Heat Sink Seismic Detector Transport Network Coupler Targeting Computer Makeshift Transmission Jammer Propulsion Shielding Tractor Beam Small Laser Mining Laser Peak State ------------ > --- POWER ------------ Subdweller Power Source > --- PROPULSION ------- Makeshift Leg Subdweller Monowheel > --- UTILITY ---------- Large Storage Unit Signal Interpreter > --- WEAPON ----------- Particle Gun Subdweller Laser > --- INVENTORY -------- Improved Heat Sink Seismic Detector Transport Network Coupler Targeting Computer Makeshift Transmission Jammer Propulsion Shielding Tractor Beam Small Laser Mining Laser [Rating: 15] Favorites ----------- Power Light Nuclear Core Engine Light Ion Engine Power Core Light Nuclear Core Propulsion Wheel Leg Makeshift Leg Wheel Wheel Utility Signal Interpreter Device Seismic Detector Storage Large Storage Unit Processor Signal Interpreter Protection Propulsion Shielding Weapon Light Assault Rifle Energy Gun Small Laser Ballistic Gun Light Assault Rifle Special Weapon Welding Torch Build | -11 -10 -10 -10 ------- Run | Yrd Mat Min Sub Slots Evolved . | . . . . Power . | . . . . Propulsion . | . . . . Utility . | . . . . Weapon . | . . . . Parts Attached 29 | 7 6 9 7 Power 5 | 1 1 1 2 Engine 4 | 1 1 . 2 Core 1 | . . 1 . Reactor . | . . . . Propulsion 8 | 2 . 3 3 Treads . | . . . . Leg 1 | . . . 1 Wheel 7 | 2 . 3 2 Hover . | . . . . Flight . | . . . . Utility 5 | 2 2 1 . Device 1 | 1 . . . Storage 2 | 1 . 1 . Processor 1 | . 1 . . Hackware . | . . . . Protection 1 | . 1 . . Artifact . | . . . . Weapon 11 | 2 3 4 2 Energy Gun 4 | . . 2 2 Energy Cannon . | . . . . Ballistic Gun 6 | 2 3 1 . Ballistic Cannon . | . . . . Launcher . | . . . . Special Weapon 1 | . . 1 . Impact Weapon . | . . . . Slashing Weapon . | . . . . Piercing Weapon . | . . . . Special Melee Weapon . | . . . . Unidentified Prototypes . | . . . . Parts Lost 14 | . 2 7 5 Power 3 | . 1 1 1 Propulsion 6 | . . 4 2 Utility . | . . . . Weapon 5 | . 1 2 2 Highest Loss Streak 3 | . 2 3 3 To Critical Strikes . | . . . . Average Slot Usage (%) 87 | . 92 86 86 Engine 4 | . 8 2 10 Core 8 | . . 10 . Wheel 18 | . 28 17 10 Storage 14 | . 14 14 14 Processor 11 | . 1 14 14 Protection 1 | . 9 . . Energy Gun 9 | . . 10 24 Ballistic Gun 17 | . 26 16 3 Naked Turns . | . . . . Heaviest Build 32 | 12 15 29 32 Greatest Support 32 | 32 32 32 20 Greatest Overweight (x) 7 | . . 2 7 Average Overweight (x) 1 | . . 1 1 Largest Inventory Capacity 15 | 8 8 15 15 Average Capacity 12 | 7 8 13 15 Most Carried 10 | 2 8 10 9 Average Carried 7 | . 4 8 8 Final Capacity 15 | 8 8 15 15 Final Carried 10 | 2 8 10 9 Class Distribution -------------------- 50% | Scavenger-Mutant 49% | Mutant Dominant Class ---------------- Mutant | -10/Materials Scavenger-Mutant | -10/Mines Scavenger-Mutant | -10/Subcaves Resources | -11 -10 -10 -10 ----------- Run | Yrd Mat Min Sub Matter Collected 709 | 244 182 233 50 Remotely . | . . . . Salvage Created 867 | 20 296 441 110 Parts 47 | 3 16 24 4 Haulers Intercepted 2 | . 2 . . Recyclers Shooed 1 | 1 . . . Parts Field Recycled . | . . . . Retrieved Matter . | . . . . Parts Self-Destructed 5 | . . . 5 Prevented . | . . . . Kills | -11 -10 -10 -10 ------- Run | Yrd Mat Min Sub Combat Hostiles Destroyed 20 | . 6 12 2 Guns 20 | . 6 12 2 Classes Destroyed 6 | 1 3 1 1 Worker 1 | . . 1 . Tunneler 1 | 1 . . . Hauler 2 | . 2 . . Swarmer 5 | . 2 3 . Grunt 13 | . 4 9 . Subdweller 2 | . . . 2 Best Kill Streak 8 | 1 8 3 2 Combat Bots Only 5 | . 5 3 2 Max Kills in Single Turn 1 | 1 1 1 1 Gunslinging . | . . . . Exploded . | . . . . Melee . | . . . . Uniques/NPCs Destroyed . | . . . . Combat | -11 -10 -10 -10 -------- Run | Yrd Mat Min Sub Hostile Shots Fired 139 | . 50 69 20 Missed 32 | . 9 19 4 Damage Taken 1320 | . 372 630 318 Core 263 | . 90 93 80 Absorbed by Shields . | . . . . Redirected to Shielding 8 | . 8 . . Core Remaining (%) 100 | 100 . . . Volleys Fired 108 | 11 29 58 10 Largest 2 | 2 2 2 2 Hottest 125 | 40 40 60 125 Shots Fired 200 | 22 54 105 19 Gun 195 | 22 54 100 19 Cannon . | . . . . Launcher . | . . . . Special 5 | . . 5 . Kinetic 148 | 22 54 72 . Thermal 52 | . . 33 19 Explosive . | . . . . Electromagnetic . | . . . . Robot Hit Streak 21 | 6 8 5 21 Robot Miss Streak 4 | 3 3 4 . Penetration Max . | . . . . Secondary Targets 3 | . . 3 . Max Gunslinging Chain 1 | . . 1 . Shots Hit Robots 116 | 13 32 52 19 Core Hits 47 | 2 16 25 4 Critical Kills 1 | . . 1 . Critical Parts Destroyed 1 | . . 1 . Critical Strikes 2 | . . 2 . Destroy 2 | . . 2 . Melee Attacks . | . . . . Impact . | . . . . Slashing . | . . . . Piercing . | . . . . Sneak Attacks . | . . . . Combat Hostiles . | . . . . Follow-up Attacks . | . . . . Damage Inflicted 1263 | 130 290 565 278 Guns 1258 | 130 290 560 278 Cannons . | . . . . Explosions . | . . . . Melee . | . . . . Ramming 5 | . . 5 . Kinetic 828 | 130 290 408 . Thermal 430 | . . 152 278 Explosive . | . . . . Electromagnetic . | . . . . Impact . | . . . . Slashing . | . . . . Piercing . | . . . . Highest Corruption . | . . . . Average Corruption . | . . . . Corruption Purged . | . . . . Corruption Blocked . | . . . . Overload Shots . | . . . . Overflow Damage . | . . . . Projectiles . | . . . . Explosions . | . . . . Melee . | . . . . Knockbacks . | . . . . Impact . | . . . . Kinetic . | . . . . Secondary . | . . . . Self-Inflicted Damage 2 | . . 2 . Shots . | . . . . Rammed 1 | . . 1 . Targets Rammed 1 | . . 1 . Kicked . | . . . . Crushed . | . . . . Highest Temperature 114 | . 12 114 9 Average Temperature 27 | . 6 32 4 Received Heat Transfer 480 | . 84 321 75 Siege Activations . | . . . . Robots Corrupted . | . . . . Combat Hostiles . | . . . . Parts Fried . | . . . . Impact Corruptions . | . . . . Robots Melted . | . . . . Combat Hostiles . | . . . . Parts Melted 2 | . . . 2 Heat Transferred 933 | . . 350 583 Parts Sabotaged . | . . . . Parts Stolen . | . . . . Parts Stripped . | . . . . Power Chain Reactions . | . . . . Alert | -11 -10 -10 -10 ------- Run | Yrd Mat Min Sub Peak Influence 169 | 5 127 169 . Initial 49 | . 3 49 . Average 64 | 1 71 70 . Maximum Alert Level . | . . . . Low Security (%) 100 | 100 100 100 . Level 1 . | . . . . Level 2 . | . . . . Level 3 . | . . . . Level 4 . | . . . . Level 5 . | . . . . High Security . | . . . . Max Security . | . . . . Squads Dispatched . | . . . . Investigation . | . . . . Extermination . | . . . . Reinforcement . | . . . . Assault . | . . . . Garrison . | . . . . Intercept . | . . . . Searches Triggered . | . . . . Construction Impeded . | . . . . Haulers Reinforced . | . . . . Active Scanning Responses . | . . . . Cargo Convoy Interrupts . | . . . . Stealth | -11 -10 -10 -10 --------- Run | Yrd Mat Min Sub Distress Signals 5 | . 1 4 . Communications Jammed . | . . . . Distress Signals . | . . . . Times Spotted 25 | . 9 12 4 Peak Tracking Total 3 | . 3 3 3 Tactical Retreats 1 | . . . 1 Traps | -11 -10 -10 -10 ------- Run | Yrd Mat Min Sub Traps Triggered . | . . . . Indirectly . | . . . . Trap Hack Attempts . | . . . . Triggered . | . . . . Disarmed . | . . . . Reprogrammed . | . . . . Reused . | . . . . Traps Extracted . | . . . . Installed . | . . . . Triggered . | . . . . Machines | -11 -10 -10 -10 ---------- Run | Yrd Mat Min Sub Machines Disabled . | . . . . Max in Single Turn . | . . . . Machines Repaired . | . . . . Machines Dismantled . | . . . . Machines Sabotaged . | . . . . Overloaded Fab Kills . | . . . . Hacking | -11 -10 -10 -10 --------- Run | Yrd Mat Min Sub Machines Accessed 2 | . 2 . . Terminals 2 | . 2 . . Fabricators . | . . . . Repair Stations . | . . . . Recycling Units . | . . . . Scanalyzers . | . . . . Garrison Access . | . . . . Total Hacks 4 | . 4 . . Successful . | . . . . Failed 4 | . 4 . . Catastrophic . | . . . . Database Lockouts . | . . . . Manual . | . . . . Terminals 4 | . 4 . . Fabricators . | . . . . Repair Stations . | . . . . Recycling Units . | . . . . Scanalyzers . | . . . . Garrison Access . | . . . . Terminal Hacks . | . . . . Fabricator Hacks . | . . . . Repair Station Hacks . | . . . . Recycling Unit Hacks . | . . . . Scanalyzer . | . . . . Garrison Access Hacks . | . . . . Unauthorized Hacks . | . . . . Terminals . | . . . . Fabricators . | . . . . Repair Stations . | . . . . Recycling Units . | . . . . Scanalyzers . | . . . . Garrison Access . | . . . . Data Cores Recovered . | . . . . Used . | . . . . Hacking Detections 2 | . 2 . . Full Trace Events . | . . . . Feedback Events . | . . . . Feedback Blocked . | . . . . Robot Schematics Acquired . | . . . . Robots Built . | . . . . Authchips . | . . . . Time . | . . . . Total Robot Build Rating . | . . . . Part Schematics Acquired . | . . . . Parts Built . | . . . . Authchips . | . . . . Time . | . . . . Total Part Build Rating . | . . . . Parts Repaired . | . . . . Time . | . . . . Parts Recycled . | . . . . Recycled Matter . | . . . . Retrieved Matter . | . . . . Retrieved Components . | . . . . Parts Scanalyzed . | . . . . Part Schematics Acquired . | . . . . Parts Damaged . | . . . . Bothacking | -11 -10 -10 -10 ------------ Run | Yrd Mat Min Sub Used RIF Installer . | . . . . Robots Hacked . | . . . . Non-combat . | . . . . Combat . | . . . . Robot Hacks Applied . | . . . . Relay Couplers Released . | . . . . Fabnet Peak Effective % . | . . . . Robots Rewired . | . . . . Allies Hacked . | . . . . Hacks Repelled . | . . . . Allies | -11 -10 -10 -10 -------- Run | Yrd Mat Min Sub Total Allies . | . . . . Largest Group . | . . . . Highest-Rated Group . | . . . . Highest-Rated Ally . | . . . . Total Orders . | . . . . Ally Attacks . | . . . . Total Damage . | . . . . Kills . | . . . . Allies Corrupted . | . . . . Allies Melted . | . . . . Intel | -11 -10 -10 -10 ------- Run | Yrd Mat Min Sub Robot Analysis Total . | . . . . Derelict Logs Recovered 1 | . . 1 . Drone Launches . | . . . . Drone Recoveries . | . . . . Exploration | -11 -10 -10 -10 ------------- Run | Yrd Mat Min Sub Turns Passed 1446 | 118 229 964 135 Spaces Moved 718 | 59 139 444 76 Core 4 | 1 . . 3 Treads . | . . . . Legs 1 | . . . 1 Wheels 713 | 58 139 444 72 Hover . | . . . . Flight . | . . . . Fastest Speed 50 | 50 100 95 95 Average Speed 106 | 99 100 105 127 Slowest Speed 400 | 100 100 110 400 Overloaded Moves . | . . . . Propulsion Burnouts . | . . . . Robots Hopped . | . . . . Cave-ins Triggered . | . . . . Exploration Rate (%) 31 | 4 26 90 7 Regions Visited 3 Branch Regions 2 Pre-discovered Areas 1 | . . . 1 Known Exits Taken 2 | . 1 1 . Unknown Exits Taken 1 | 1 . . . Scrap Searched 2 | . . 2 . Spaces Dug . | . . . . Terrain Destroyed . | . . . . Melee . | . . . . Projectile . | . . . . AOE . | . . . . Terrain Rammed . | . . . . Walls Destroyed . | . . . . Machines Disabled . | . . . . Actions | -11 -10 -10 -10 --------- Run | Yrd Mat Min Sub Total 1208 | 95 181 837 95 Wait 338 | 17 2 319 . Move 715 | 58 138 443 76 Hop . | . . . . Pick Up 12 | 2 4 5 1 Fast Attach 16 | 7 3 2 4 Attach 6 | . . 3 3 Detach 2 | . 1 . 1 Swap 7 | . 3 4 . Drop 3 | . 1 2 . Fire 108 | 11 29 58 10 Melee . | . . . . Ram 1 | . . 1 . Kick . | . . . . Crush . | . . . . Escape Stasis . | . . . . Rewire . | . . . . Trap . | . . . . Miscellaneous . | . . . . Route ------- -11/Scrapyard -10/Materials -10/Mines (discovered 3 exits: *Mat x2 / *Sub) -10/Subcaves History --------- Turn | Location | Event 16 | -11/Scrapyard | Discovered new exit (range 15) 119 | -11/Scrapyard | Entered Materials 243 | -10/Materials | Discovered new exit (range 16) 316 | -10/Materials | Build established: Mutant 337 | -10/Materials | Identified exit to Mines 348 | -10/Materials | Entered Mines 380 | -10/Mines | Found a hidden stash of uninstalled traps 387 | -10/Mines | Discovered new exit (range 12) 397 | -10/Mines | Identified exit to Materials 500 | -10/Mines | Discovered exit to Materials (range 3) 600 | -10/Mines | Lost 3 parts (1n2w) 620 | -10/Mines | Excavation squad dispatched 620 | -10/Mines | A large section of the Mines collapsed 868 | -10/Mines | Build established: Scavenger-Mutant 870 | -10/Mines | Excavation squad dispatched 1118 | -10/Mines | Learned Materials trap positions 1168 | -10/Mines | Core integrity fell below 50% 1302 | -10/Mines | Discovered new exit (range 9) 1311 | -10/Mines | Identified exit to Subcaves 1312 | -10/Mines | Entered Subcaves 1315 | -10/Subcaves | Ambushed by Subdwellers from Twisted Machinery 1327 | -10/Subcaves | A swath of the cavern ceiling suddenly collapsed 1331 | -10/Subcaves | Learned location of Zion (-6) 1331 | -10/Subcaves | Met a Zionite searching for "candidates" 1353 | -10/Subcaves | Core integrity fell below 20% 1385 | -10/Subcaves | Lost 3 parts (1p1n1w) 1432 | -10/Subcaves | Disturbed a concealed Subdweller 1447 | -10/Subcaves | Destroyed by GZ-HKB(R) with Subdweller Machine Gun Last Messages --------------- Ion Engine destroyed. 28-UZ0(R) destroyed. Subatomizers dissect the Mak. Leg. 04-PUH(R) affixes Scrap Shield Fragment to Scrap Shield. Sub. Optics melted. Sub. Monowheel melted. 04-PUH(R) destroyed. Subatomizers dissect the Mak. Leg. Acquired Mak. Leg. Acquired Sub. Monowheel. Acquired 30 matter. Acquired Mak. Transmission Jammer. Acquired Sub. Power Source. Subatomizers dissect the Mak. Transmission Jammer. Acquired Sub. Laser. Acquired 20 matter. Subatomizers dissect the Mak. Transmission Jammer. GZ-HKB(R) angrily emerges from the Twisted Machinery. GZ-HKB(R) affixes Scrap Shield Fragment to Scrap Shield. Particle Gun destroyed. Map ----- +----------------------------------------------------+ | ?????????????????????????????????????????????????? | | ?????????????????????????????????????????????????? | | ?????????????????????????????????????????????????? | | ?????????????????????????????????????????????????? | | ?????????????????????????????????????????????????? | | ?????????????????????????????????????????????????? | | ?????????????????????????????????????????????????? | | ?????????????????????????????????????????????????? | | ?????????????????????????????????????????????????? | | ?????????????????????????????????????????????????? | | ?????????????????????????????????????????????????? | | ?????????????????????????????????????????????????? | | ?????????????????????????????????????????????????? | | ?????????????????????????????????????????????????? | | ?????????????????????????????????????????????????? | | ?????????????????????????????????????????????????? | | ?????????????????????????????????????????????????? | | ?????????????????????????????????????????????????? | | ?????????????????????????????????????????????????? | | ?????????????????????????????????????????????????? | | ?????????????????????????????????????????????????? | | ?????????????????????????????????????????????????? | | ?????????????????????????????????????????????????? | | ????????????????????????#######??????????????????? | | ????????????????????????#